BR
SANTA CLARITA MUSIC @ INDIAN HILLS VOODOO
09/18/2026
 
TOP OF THE 1ST
Santa Clarita Music batting - Pitching for Indian Hills Voodoo : RHP Cody Nichols
Pitching: RHP Cody Nichols
Batting: RHB Art Cameron 0-0: Swinging Strike
0-1: Ball
1-1: Ball
2-1: Called Strike
2-2: Fly out, F7 (Popup, 6MD)
Batting: RHB Travis Colbert 0-0: Ball
1-0: Ball
2-0: Ball
3-0: Called Strike
3-1: Base on Balls
Batting: LHB Rubén Salazar 0-0: Ball
Travis Colbert steals 2nd base
1-0: Foul Ball, location: 2F
1-1: Foul Ball, location: 2F
1-2: Ball
2-2: SINGLE (Flyball, 8RS)
Travis Colbert to third
Runner from 3rd tries for Home, SAFE, no throw or cutoff
Batting: RHB Steve Burton 0-0: Ball
1-0: Ball
2-0: Foul Ball, location: 2F
2-1: Grounds into double play, 1-6-3 (Groundball, 13S)
Top of the 1st over - 1 run(s), 1 hit(s), 0 error(s), 0 left on base; Santa Clarita 1 - Indian Hills 0
BOTTOM OF THE 1ST
Indian Hills Voodoo batting - Pitching for Santa Clarita Music : LHP Pedro Beleza
Pitching: LHP Pedro Beleza
Batting: SHB Alberto García 0-0: Ball
1-0: Ground out 5-3 (Groundball, 5)
Batting: RHB Bob McDonald 0-0: Called Strike
0-1: Swinging Strike
0-2: Foul Ball, location: 2F
0-2: Ball
1-2: Ball
2-2: Ground out 6-3 (Groundball, 56)
Batting: SHB Sean Moody 0-0: Ball
1-0: Called Strike
1-1: Called Strike
1-2: Ball
2-2: Foul Ball, location: 2F
2-2: Ground out 5-3 (Groundball, 5L)
Bottom of the 1st over - 0 run(s), 0 hit(s), 0 error(s), 0 left on base; Santa Clarita 1 - Indian Hills 0
TOP OF THE 2ND
Santa Clarita Music batting - Pitching for Indian Hills Voodoo : RHP Cody Nichols
Batting: RHB António Martínez 0-0: Called Strike
0-1: Ball
1-1: Swinging Strike
1-2: Ground out U3 (Groundball, 3)
Batting: RHB Ricardo González 0-0: Ball
1-0: Foul Ball, location: 2F
1-1: Called Strike
1-2: Foul Ball, location: 2F
1-2: Strikes out swinging
Batting: RHB Rickey Núñez 0-0: Bunt missed!
0-1: Ground out 6-3 (Groundball, 6)
Top of the 2nd over - 0 run(s), 0 hit(s), 0 error(s), 0 left on base; Santa Clarita 1 - Indian Hills 0
BOTTOM OF THE 2ND
Indian Hills Voodoo batting - Pitching for Santa Clarita Music : LHP Pedro Beleza
Batting: RHB Glen MacDonald 0-0: Ball
1-0: Ball
2-0: Ball
3-0: Base on Balls
Batting: SHB Kenneth Cruz 0-0: Called Strike
0-1: Called Strike
0-2: Fly out, F9 (Flyball, 9M)
Batting: RHB Bobby Hulsey 0-0: Ball
1-0: Ball
2-0: Foul Ball, location: 2F
2-1: Ball
3-1: Base on Balls
Glen MacDonald to second
Batting: LHB Amlak Saitoti 0-0: Swinging Strike
0-1: Ball
Passed Ball!
Glen MacDonald to third
Bobby Hulsey to second
1-1: SINGLE (Groundball, 34)
Glen MacDonald scores
Bobby Hulsey to third
Runner from 3rd tries for Home, SAFE, throw made home
Amlak Saitoti to second
Batting: RHB Mike Cleveland 0-0: Ball
Amlak Saitoti steals 3rd base
1-0: Ball
2-0: SINGLE (Line Drive, 89S)
Amlak Saitoti scores
Batting: RHB Lawrence Davidson 0-0: Hit by Pitch
Mike Cleveland to second
Batting: SHB Alberto García 0-0: SINGLE (Flyball, 78S)
Mike Cleveland to third
Lawrence Davidson to second
Batting: RHB Bob McDonald 0-0: Called Strike
0-1: Ball
1-1: Ball
2-1: Ball
3-1: Called Strike
3-2: Strikes out swinging
Batting: SHB Sean Moody 0-0: Ball
1-0: SINGLE (Line Drive, 8RS)
Mike Cleveland scores
Lawrence Davidson to third
Alberto García to second
Batting: RHB Glen MacDonald 0-0: Ball
1-0: Foul Ball, location: 2F
1-1: Foul Ball, location: 2F
1-2: Fly out, F9 (Flyball, 9M)
Bottom of the 2nd over - 4 run(s), 4 hit(s), 0 error(s), 3 left on base; Santa Clarita 1 - Indian Hills 4
TOP OF THE 3RD
Santa Clarita Music batting - Pitching for Indian Hills Voodoo : RHP Cody Nichols
Batting: RHB Adam Gentry 0-0: SINGLE (Groundball, 56D)
Batting: RHB Jake Belcher 0-0: Ball
1-0: Grounds into double play, 5-4-3 (Groundball, 5)
Batting: RHB Art Cameron 0-0: Ball
1-0: Ball
2-0: Called Strike
2-1: TRIPLE (Groundball, 3L)
Batting: RHB Travis Colbert 0-0: Ball
1-0: DOUBLE (Groundball, 5L)
Art Cameron scores
Batting: LHB Rubén Salazar 0-0: Fly out, F8 (Flyball, 8RS)
Top of the 3rd over - 1 run(s), 3 hit(s), 0 error(s), 1 left on base; Santa Clarita 2 - Indian Hills 4
BOTTOM OF THE 3RD
Indian Hills Voodoo batting - Pitching for Santa Clarita Music : LHP Pedro Beleza
Batting: SHB Kenneth Cruz 0-0: Called Strike
0-1: Foul Ball, location: 2F
0-2: Ball
1-2: Ground out 6-3 (Groundball, 6)
Batting: RHB Bobby Hulsey 0-0: Swinging Strike
0-1: Called Strike
0-2: Strikes out swinging
Batting: LHB Amlak Saitoti 0-0: Ball
1-0: Ground out 3-1 (Groundball, 34)
Bottom of the 3rd over - 0 run(s), 0 hit(s), 0 error(s), 0 left on base; Santa Clarita 2 - Indian Hills 4
TOP OF THE 4TH
Santa Clarita Music batting - Pitching for Indian Hills Voodoo : RHP Cody Nichols
Batting: RHB Steve Burton 0-0: Foul Ball, location: 2F
0-1: Foul Ball, location: 2F
0-2: Ball
1-2: Ball
2-2: Ball
3-2: Strikes out swinging
Batting: RHB António Martínez 0-0: Called Strike
0-1: Foul Ball, location: 2F
0-2: Strikes out swinging
Batting: RHB Ricardo González 0-0: Called Strike
0-1: SINGLE (Popup, 8LS)
Batting: RHB Rickey Núñez 0-0: Ball
1-0: Ball
2-0: Called Strike
2-1: Ball
3-1: Fly out, F8 (Flyball, 8LM)
Top of the 4th over - 0 run(s), 1 hit(s), 0 error(s), 1 left on base; Santa Clarita 2 - Indian Hills 4
BOTTOM OF THE 4TH
Indian Hills Voodoo batting - Pitching for Santa Clarita Music : LHP Pedro Beleza
Batting: RHB Mike Cleveland 0-0: Foul Ball, location: 2F
0-1: Foul Ball, location: 2F
0-2: Ground out 4-3 (Groundball, 4M)
Batting: RHB Lawrence Davidson 0-0: Called Strike
0-1: Fly out, F4 (Popup, 34D)
Batting: SHB Alberto García 0-0: Called Strike
0-1: Ball
1-1: Ball
2-1: DOUBLE (Line Drive, 5L)
Batting: RHB Bob McDonald 0-0: Called Strike
0-1: Ball
1-1: Ball
2-1: Ball
3-1: SINGLE (Flyball, 4D)
Alberto García to third
Runner from 3rd tries for Home, SAFE, no throw or cutoff
Batting: SHB Sean Moody 0-0: Fly out, F9 (Flyball, 9M)
Bottom of the 4th over - 1 run(s), 2 hit(s), 0 error(s), 1 left on base; Santa Clarita 2 - Indian Hills 5
TOP OF THE 5TH
Santa Clarita Music batting - Pitching for Indian Hills Voodoo : RHP Cody Nichols
Batting: RHB Adam Gentry 0-0: Ball
1-0: Ground out 6-3 (Groundball, 6MS)
Batting: RHB Jake Belcher 0-0: Foul Ball, location: 2F
0-1: Ball
1-1: Ground out 5-3 (Groundball, 56)
Batting: RHB Art Cameron 0-0: Ball
1-0: Swinging Strike
1-1: Foul Ball, location: 2F
1-2: Foul Ball, location: 2F
1-2: Ball
2-2: Foul Ball, location: 2F
2-2: Ball
3-2: Foul Ball, location: 2F
3-2: Foul Ball, location: 2F
3-2: DOUBLE (Line Drive, 3D)
Batting: RHB Travis Colbert 0-0: Ball
1-0: Ball
2-0: Swinging Strike
2-1: Swinging Strike
2-2: Strikes out swinging
Top of the 5th over - 0 run(s), 1 hit(s), 0 error(s), 1 left on base; Santa Clarita 2 - Indian Hills 5
BOTTOM OF THE 5TH
Indian Hills Voodoo batting - Pitching for Santa Clarita Music : LHP Pedro Beleza
Batting: RHB Glen MacDonald 0-0: Ball
1-0: Foul Ball, location: 2F
1-1: SINGLE (Groundball, 6MD)
Batting: SHB Kenneth Cruz 0-0: Foul Ball, location: 2F
0-1: SINGLE (Groundball, 6MD)
Glen MacDonald to second
Batting: RHB Bobby Hulsey 0-0: Called Strike
0-1: Ball
1-1: Ball
2-1: Called Strike
2-2: Ball
Wild Pitch!
Glen MacDonald to third
Kenneth Cruz to second
3-2: Intentional Walk
Pitching: LHP Jorge Gatán
Batting: LHB Amlak Saitoti 0-0: Foul Ball, location: 2F
0-1: Foul Ball, location: 2F
0-2: Fly out, F6 (Popup, 4M)
Batting: RHB Mike Cleveland 0-0: Called Strike
0-1: Called Strike
0-2: Ball
1-2: Ground out 4-3 (Groundball, 4M)
Glen MacDonald scores
Kenneth Cruz to third
Bobby Hulsey to second
Batting: RHB Lawrence Davidson 0-0: Called Strike
0-1: Fly out, F7 (Line Drive, 7M)
Bottom of the 5th over - 1 run(s), 2 hit(s), 0 error(s), 2 left on base; Santa Clarita 2 - Indian Hills 6
TOP OF THE 6TH
Santa Clarita Music batting - Pitching for Indian Hills Voodoo : RHP Cody Nichols
Batting: LHB Rubén Salazar 0-0: Called Strike
0-1: Ground out 4-3 (Groundball, 4)
Batting: RHB Steve Burton 0-0: Called Strike
0-1: Called Strike
0-2: Ground out 6-3 (Groundball, 6)
Batting: RHB António Martínez 0-0: Ball
1-0: Called Strike
1-1: Foul Ball, location: 2F
1-2: Ball
2-2: Strikes out swinging
Top of the 6th over - 0 run(s), 0 hit(s), 0 error(s), 0 left on base; Santa Clarita 2 - Indian Hills 6
BOTTOM OF THE 6TH
Indian Hills Voodoo batting - Pitching for Santa Clarita Music : LHP Jorge Gatán
Batting: SHB Alberto García 0-0: Swinging Strike
0-1: Foul Ball, location: 2F
0-2: Foul Ball, location: 2F
0-2: Ball
1-2: Strikes out swinging
Batting: RHB Bob McDonald 0-0: Fly out, F7 (Flyball, 78M)
Batting: SHB Sean Moody 0-0: Foul Ball, location: 2F
0-1: Called Strike
0-2: Strikes out swinging
Bottom of the 6th over - 0 run(s), 0 hit(s), 0 error(s), 0 left on base; Santa Clarita 2 - Indian Hills 6
TOP OF THE 7TH
Santa Clarita Music batting - Pitching for Indian Hills Voodoo : RHP Cody Nichols
Pitching: RHP Alan Foster
Batting: RHB Ricardo González 0-0: Foul Ball, location: 2F
0-1: Called Strike
0-2: Fly out, F9 (Flyball, 9M)
Batting: RHB Rickey Núñez 0-0: DOUBLE (Line Drive, 8LM)
Batting: RHB Adam Gentry 0-0: Ball
1-0: Called Strike
1-1: Foul Ball, location: 2F
1-2: SINGLE (Flyball, 78S)
Rickey Núñez to third
Batting: RHB Jake Belcher 0-0: Called Strike
0-1: Swinging Strike
0-2: Strikes out swinging
Batting: RHB Art Cameron 0-0: Fly out, F7 (Line Drive, 78S)
Top of the 7th over - 0 run(s), 2 hit(s), 0 error(s), 2 left on base; Santa Clarita 2 - Indian Hills 6
BOTTOM OF THE 7TH
Indian Hills Voodoo batting - Pitching for Santa Clarita Music : LHP Jorge Gatán
Pitching: RHP Luis Costa
Batting: RHB Glen MacDonald 0-0: Called Strike
0-1: Swinging Strike
0-2: Ball
1-2: Ground out 4-3 (Groundball, 34)
Batting: SHB Kenneth Cruz 0-0: Fly out, F8 (Line Drive, 8LS)
Batting: RHB Bobby Hulsey 0-0: Called Strike
0-1: Ball
1-1: SINGLE (Line Drive, 89S)
Batting: LHB Amlak Saitoti 0-0: Foul Ball, location: 2F
0-1: Called Strike
0-2: Foul Ball, location: 2F
0-2: Foul Ball, location: 2F
0-2: Ball
1-2: Foul Ball, location: 2F
1-2: Ball
2-2: Ball
3-2: Fly out, F5 (Popup, 5L)
Bottom of the 7th over - 0 run(s), 1 hit(s), 0 error(s), 1 left on base; Santa Clarita 2 - Indian Hills 6
TOP OF THE 8TH
Santa Clarita Music batting - Pitching for Indian Hills Voodoo : RHP Alan Foster
Batting: RHB Travis Colbert 0-0: Swinging Strike
0-1: Ball
1-1: Fly out, F7 (Line Drive, 7M)
Batting: LHB Rubén Salazar 0-0: Swinging Strike
0-1: Foul Ball, location: 2F
0-2: Strikes out looking
Batting: RHB Steve Burton 0-0: Called Strike
0-1: Foul Ball, location: 2F
0-2: Ball
1-2: Strikes out swinging
Top of the 8th over - 0 run(s), 0 hit(s), 0 error(s), 0 left on base; Santa Clarita 2 - Indian Hills 6
BOTTOM OF THE 8TH
Indian Hills Voodoo batting - Pitching for Santa Clarita Music : RHP Luis Costa
Batting: RHB Mike Cleveland 0-0: Ball
1-0: Ball
2-0: Ball
3-0: Called Strike
3-1: Ground out 5-3 (Groundball, 5L)
Batting: RHB Lawrence Davidson 0-0: Ball
1-0: Ball
2-0: Ball
3-0: Called Strike
3-1: Base on Balls
Batting: SHB Alberto García 0-0: Ball
1-0: Ball
2-0: Foul Ball, location: 2F
2-1: Foul Ball, location: 2F
2-2: Strikes out swinging
Batting: RHB Bob McDonald 0-0: Called Strike
0-1: Foul Ball, location: 2F
0-2: Ball
1-2: Strikes out looking
Bottom of the 8th over - 0 run(s), 0 hit(s), 0 error(s), 1 left on base; Santa Clarita 2 - Indian Hills 6
TOP OF THE 9TH
Santa Clarita Music batting - Pitching for Indian Hills Voodoo : RHP Alan Foster
Batting: RHB António Martínez 0-0: Foul Ball, location: 2F
0-1: Called Strike
0-2: Foul Ball, location: 2F
0-2: Ball
1-2: Ball
2-2: Foul Ball, location: 2F
2-2: Strikes out looking
Batting: RHB Ricardo González 0-0: Called Strike
0-1: Ball
1-1: Ball
2-1: Foul Ball, location: 2F
2-2: Foul Ball, location: 2F
2-2: Ball
3-2: Ground out 6-3 (Groundball, 6)
Batting: RHB Rickey Núñez 0-0: Foul Ball, location: 2F
0-1: Fly out, F5 (Line Drive, 56)
Top of the 9th over - 0 run(s), 0 hit(s), 0 error(s), 0 left on base; Santa Clarita 2 - Indian Hills 6
Monday, December 5th, 2016 - OOTP Baseball 17.12 Build 75